Map: Cactus Valley LE (Void)

Players

PaRaDoX

  • Race: Terran Terran

Solstice

  • Race: Terran Terran

Bones - Winner!

  • Race: Protoss Protoss

Bop - Winner!

  • Race: Protoss Protoss

VOD

Have the link to the VOD?

Description

Time

  • Played on: May 2, 2015, 12:26 a.m.
  • Length: 15:44
Show
View Real Time Build Order
Export as new Build Order

PaRaDoX Terran 

Build Orders: Command Center First (CC), MMM Bio 

Get SALT Encoding   

  12  0:00  SCV  
  13  0:15  Supply Depot  
  13  0:18  SCV  
  14  0:30  SCV  
  15  0:56  Command Center  
  15  1:07  Barracks  
  15  1:13  SCV  
  16  1:25  SCV  
  17  1:33  Barracks  
  17  1:37  SCV  
  18  1:49  SCV  
  19  1:59  Marine  
  20  2:04  Refinery  
  21  2:08  Bunker  
  21  2:10  Orbital Command  
  20  2:17  Marine  
  21  2:24  Orbital Command  
  21  2:40  Barracks  
  21  2:42  SCV  
  22  2:50  SCV  
  23  2:52  Reaper  
  23  2:54  SCV, Refinery  
  25  3:03  SCV  
  25  3:05  Barracks Tech Lab  
  26  3:07  SCV  
  27  3:15  SCV  
  27  3:19  SCV  
  29  3:23  Marine  
  29  3:26  Stimpack  
  30  3:27  Supply Depot, SCV  
  30  3:31  SCV  
  30  3:32  Marine  
  34  3:36  Barracks Reactor  
  34  3:39  SCV  
  34  3:41  Refinery, Marine  
  34  3:43  SCV  
  36  3:51  SCV  
  35  4:01  Marine x2  
  33  4:04  SCV x2  
  34  4:16  Marine x2  
  33  4:19  Marine x2  
  33  4:22  SCV x2  
  33  4:24  Missile Turret  
  37  4:34  Marine  
  37  4:38  SCV x2  
  39  4:48  Marine  
  39  4:50  SCV  
  39  4:51  SCV  
  41  4:59  Factory  
  36  5:02  SCV  
  36  5:04  SCV  
  36  5:05  Missile Turret  
  37  5:14  Marine x4  
  37  5:15  SCV  
  37  5:17  SCV  
  37  5:21  Supply Depot  
  43  5:27  SCV, Missile Turret  
  43  5:31  SCV  
  43  5:33  Marine x2  
  46  5:38  Supply Depot  
  46  5:42  Marine x2  
  47  5:43  SCV  
  47  5:49  SCV  
  47  5:55  SCV  
  48  5:59  Engineering Bay  
  48  6:01  SCV  
  48  6:03  Starport  
  49  6:04  Marine, Widow Mine  
  49  6:05  Marine x2  
  49  6:07  SCV  
  49  6:10  Supply Depot  
  55  6:24  Combat Shields, Marine x4  
  59  6:27  SCV  
  59  6:28  SCV  
  60  6:37  Factory Reactor  
  60  6:39  SCV  
  61  6:40  SCV  
  61  6:44  Terran Infantry Weapons Level 1, Supply Depot  
  62  6:51  SCV, Marauder, Marine x2  
  62  6:52  SCV, Marine  
  68  7:03  SCV  
  68  7:04  SCV  
  69  7:16  Marine x2  
  69  7:17  Marine x2  
  69  7:18  SCV  
  69  7:19  SCV  
  69  7:21  Medivac  
  77  7:27  Supply Depot  
  77  7:29  Medivac  
  78  7:30  Refinery  
  78  7:45  Supply Depot  
  78  7:48  Command Center, Supply Depot  
  78  7:49  SCV x2, Marine x3  
  83  7:55  Barracks Reactor  
  83  7:57  Supply Depot  
  83  8:01  SCV x2  
  83  8:05  Factory Tech Lab  
  85  8:07  Marine x2  
  85  8:08  Medivac  
  89  8:13  SCV x2  
  89  8:15  Marine  
  92  8:24  Marine  
  92  8:25  SCV, Marine  
  95  8:28  SCV  
  95  8:33  Marine  
  97  8:37  SCV  
  98  8:42  Terran Infantry Armor Level 1, Marine x2  
  98  8:43  Marine x2  
  102  8:49  SCV  
  101  9:02  Armory  
  80  9:04  Orbital Command  
  80  9:06  Factory  
  80  9:08  SCV x2  
  69  9:17  Marine x5  
  64  9:34  SCV, Marine  
  64  9:35  Factory  
  64  9:36  Factory x2  
  57  9:46  SCV, Marine x4  
  57  9:52  Marine  
  62  10:02  Command Center  
  62  10:05  SCV, Factory Reactor  
  62  10:06  SCV, Thor  
  68  10:19  Factory Tech Lab  
  68  10:20  Factory Reactor  
  63  10:21  Factory Reactor  
  63  10:26  SCV x2  
  65  10:34  Marine x5  
  70  10:38  SCV x2  
  70  10:39  Thor  
  70  10:42  Command Center  
  81  10:46  Hellion x2  
  81  10:49  Missile Turret  
  79  10:51  Missile Turret  
  79  10:53  Thor  
  79  10:56  SCV x2  
  87  10:59  Infernal Pre-Igniter  
  87  11:02  Hellion  
  85  11:13  Missile Turret  
  85  11:27  Hellbat x2  
  85  11:28  Widow Mine x2  
  85  11:29  Cyclone  
  85  11:30  Hellbat x2  
  94  12:01  SCV x2  
  94  12:03  Hellion  
  94  12:04  Hellion x5  
  105  12:22  Hellion x3  
  108  12:23  SCV, Hellion  
  108  12:25  Hellion x4  
  109  12:35  SCV  
  114  12:37  Hellion x2  
  112  13:02  Orbital Command  
  112  13:08  SCV x2  
  111  13:23  SCV  
  111  13:24  SCV  
  113  13:28  SCV  
  114  13:35  SCV  
  114  13:36  SCV  
  114  13:40  SCV  
  117  13:44  Thor  
  117  13:48  SCV x2, Supply Depot  
  123  14:06  Viking  
  123  14:09  Thor  
  125  14:10  Supply Depot, Viking  
  120  14:28  SCV x3  
  111  14:57  SCV  
  110  15:09  SCV  
  110  15:11  Viking x2  
  107  15:15  Hellion x2  
  107  15:16  Hellion x3  
  110  15:21  SCV  
  110  15:24  SCV  
Show
View Real Time Build Order
Export as new Build Order

Solstice Terran 

Build Orders:  

Get SALT Encoding   

  12  0:00  Probe  
  13  0:13  Pylon  
  13  0:18  Probe  
  14  0:28  Probe  
  14  0:34  Gateway  
  15  0:36  Probe  
  16  0:48  Probe  
  17  0:56  Assimilator x2  
  17  0:58  Probe  
  18  1:06  Probe  
  19  1:12  Pylon  
  19  1:18  Probe  
  19  1:24  Cybernetics Core  
  20  1:30  Probe  
  21  1:42  Probe  
  22  2:02  Stargate  
  22  2:11  Mothership Core  
  22  2:13  Nexus  
  26  2:31  Probe  
  27  2:38  Oracle  
  27  2:39  Probe  
  29  2:53  Probe  
  29  2:54  Pylon  
  29  2:55  Warp Gate  
  30  3:12  Stalker, Probe  
  33  3:13  Phoenix  
  33  3:25  Probe  
  36  3:30  Probe  
  37  3:37  Probe  
  37  3:38  Phoenix  
  40  3:45  Probe  
  40  3:49  Probe  
  40  3:54  Probe  
  42  3:58  Stalker  
  42  4:01  Probe  
  46  4:07  Probe  
  47  4:10  Phoenix  
  47  4:23  Gateway  
  49  4:24  Forge  
  49  4:27  Probe x2  
  51  4:32  Pylon  
  51  4:34  Assimilator  
  51  4:35  Assimilator  
  51  4:37  Protoss Ground Armor Level 1  
  51  4:40  Probe  
  52  4:50  Probe, Phoenix  
  52  4:52  Probe  
  56  5:04  Probe, Photon Cannon  
  56  5:06  Probe  
  58  5:08  Photon Cannon  
  58  5:12  Probe  
  58  5:15  Pylon  
  58  5:18  Probe  
  60  5:22  Pylon  
  60  5:28  Pylon  
  60  5:33  Probe x2  
  62  5:40  Twilight Council  
  62  5:45  Probe x2  
  64  5:57  Probe x2, Phoenix  
  64  6:01  Charge  
  68  6:07  Gateway  
  68  6:08  Gateway  
  68  6:09  Probe x2  
  70  6:16  Oracle  
  70  6:20  Protoss Ground Armor Level 2  
  70  6:21  Probe x2  
  70  6:25  Templar Archives  
  72  6:28  Pylon  
  72  6:35  Sentry, Zealot  
  76  6:45  Pylon  
  76  6:48  Nexus  
  76  7:02  Gateway  
  76  7:04  Gateway  
  76  7:06  Robotics Facility  
  76  7:12  Pylon  
  76  7:18  High Templar  
  76  7:19  Zealot x2, High Templar  
  85  7:22  Probe  
  85  7:23  Probe  
  85  7:24  Archon  
  86  7:34  Photon Cannon  
  86  7:35  Probe x2  
  88  7:37  Pylon  
  88  7:46  Pylon  
  88  7:48  Assimilator  
  88  7:52  Assimilator  
  88  8:02  Robotics Bay  
  88  8:03  High Templar x2  
  88  8:04  Zealot x2  
  96  8:14  Warp Prism, Archon  
  96  8:16  Gateway  
  96  8:18  Gateway  
  96  8:24  High Templar x2  
  96  8:25  Zealot x2  
  106  8:30  Archon  
  106  8:36  Pylon x2  
  106  8:38  High Templar  
  106  8:39  High Templar  
  110  8:46  Pylon  
  110  8:48  Probe x2, Protoss Ground Armor Level 3  
  110  8:50  Pylon  
  106  9:05  Probe x3  
  106  9:07  Pylon  
  106  9:08  Zealot x4  
  117  9:12  Gravitic Drive  
  117  9:16  Disruptor  
  117  9:21  Forge  
  119  9:32  Zealot  
  119  9:33  Zealot x5  
  129  9:41  Probe x2  
  129  9:46  Disruptor  
  129  9:48  Protoss Shields Level 1  
  129  9:52  Shield Upgrade  
  123  9:55  Zealot x6  
  127  10:09  Archon  
  115  10:26  Disruptor  
  119  10:29  Disruptor x2  
  119  10:33  Pylon  
  119  10:38  Protoss Air Weapons Level 1  
  119  10:42  Stargate  
  119  10:45  Fleet Beacon, Pylon  
  119  10:58  Pylon  
  119  10:59  Nexus  
  119  11:03  Pylon  
  119  11:04  Carrier x2  
  119  11:05  Disruptor  
  119  11:08  Pylon  
  123  11:14  Disruptor x2  
  123  11:18  Adept x3  
  127  11:19  Adept, Pylon  
  127  11:20  Adept x3  
  127  11:21  Adept  
  135  11:35  Warp Prism  
  147  11:54  Graviton Catapult  
  147  12:00  Disruptor x2  
  147  12:02  Protoss Ground Weapons Level 1  
  147  12:05  Photon Cannon  
  147  12:07  Protoss Shields Level 2, Assimilator  
  147  12:11  Assimilator  
  141  12:25  Zealot x5  
  141  12:26  Zealot  
  153  12:35  Dark Shrine  
  153  12:36  Gateway  
  154  12:37  Probe x4, Gateway  
  154  12:38  Gateway, Disruptor x2, Pylon  
  154  12:41  Gateway  
  154  12:42  Carrier  
  153  12:46  Photon Cannon  
  153  12:49  Probe x3  
  153  12:50  Protoss Air Weapons Level 2  
  150  13:16  Zealot x3  
  150  13:17  Zealot  
  150  13:18  Psionic Storm  
  154  13:28  Nexus  
  154  13:32  Pylon  
  150  13:36  Disruptor  
  150  13:39  Dark Shrine  
  150  13:47  Disruptor x2  
  150  13:49  Carrier  
  150  13:50  Carrier  
  150  13:51  Photon Cannon  
  150  13:53  Pylon  
  150  14:08  Dark Templar x3  
  156  14:13  Disruptor x2  
  162  14:29  Dark Templar  
  158  14:31  Photon Cannon  
  158  14:33  Photon Cannon  
  158  14:34  Disruptor x2  
  158  14:36  Assimilator  
  158  14:38  Disruptor x2  
  158  14:40  Assimilator  
  156  14:48  Probe x2, Photon Cannon  
  156  14:49  Probe x2  
  160  14:55  Adept x2  
  160  14:56  Adept x5  
  160  14:57  Dark Templar x2  
  160  14:58  Zealot x2  
  182  15:03  Disruptor x2  
Show
View Real Time Build Order
Export as new Build Order

Bones Protoss - Winner!

Build Orders:  

Get SALT Encoding   

Show
View Real Time Build Order
Export as new Build Order

Bop Protoss - Winner!

Build Orders:  

Get SALT Encoding   

Tags
 
Add a new tag
Caveats
  • Supply blocks, unpowered buildings, or Contaminate may cause inaccurate times.
  • Supply counts are checked every 10 seconds.